 Dungeon Sprint DCSS version 0.31-a0-983-g7b6862f502 (webtiles) character file.

Game seed: 4532596112713671222

107 rocky1 the Trooper (level 4, 0/47 HPs)
             Began as a Minotaur Fighter on Nov 3, 2023.
             Slain by a human
             ... wielding a +0 trident
              (3 damage)
             ... in the Dungeon (Sprint III: "The Ten Rune Challenge").
             The game lasted 00:01:05 (276 turns).

rocky1 the Trooper (Minotaur Fighter)                Turns: 276, Time: 00:01:06

Health: 0/47       AC:  7    Str: 22    XL:     4   Next: 56%
Magic:  3/3        EV: 15    Int:  5    God:
Gold:   36         SH:  5    Dex: 10    Spells: 3/3 levels left

rFire   . . .        a - +0 flail
rCold   . . .        c - +0 buckler
rNeg    . . .        b - +0 scale mail
rPois   .            (helmet restricted)
rElec   .            (no cloak)
rCorr   .            (no gloves)
SInv    .            (no boots)
Will    .....        (no amulet) Stlth
                     k - +5 ring of evasion
HPRegen 0.27/turn    (no ring)
MPRegen 0.08/turn

%: no teleportation
@: mighty, hasted, very quick
A: horns 2, retaliatory headbutt
a: no special abilities


You were in the Dungeon.
You visited 1 branch You collected 36 gold pieces.

Inventory:

Hand Weapons
 a - a +0 flail (weapon)
Armour
 b - a +0 scale mail (worn)
 c - a +0 buckler (worn)
Jewellery
 k - a +5 ring of evasion (left hand)
Scrolls
 j - a scroll of blinking
 m - a scroll of immolation {unknown}
 n - 2 scrolls of identify {unknown}
 p - a scroll of poison {unknown}
Potions
 e - a potion of curing
 f - a potion of heal wounds
 h - 2 potions of magic
 l - 3 potions of mutation {unknown}
 o - 2 potions of enlightenment {unknown}
 q - a potion of attraction {unknown}


   Skills:
 + Level 7.0 Fighting
 + Level 4.3 Maces & Flails
 + Level 7.0 Armour
 + Level 0.9 Dodging
 + Level 6.6 Shields


You had 3 spell levels left.
You didn't know any spells.
Your spell library was empty.

Dungeon Overview and Level Annotations

Branches:
Dungeon (1/1)

Altars:
Okawaru
Trog
Uskayaw
Wu Jian


Innate Abilities, Weirdness & Mutations

You have a pair of horns on your head.
You reflexively headbutt those who attack you in melee.


Message History

You start resting.
You feel yourself speed up.
You start resting.
You recover from your berserk rage.
You start resting.
HP restored.
There is a fountain of clear blue water here.
You open the door.
A human comes into view.
The human shouts!
Found a ring mail.
Found five altars.
Sorry, you're not good enough to have a special ability.
You feel yourself speed up.
A human comes into view. It is wielding a +0 trident.
You feel very mighty all of a sudden. The human hits you with a +0 trident!
There is an open door, spattered with blood here.
You hit the human. Your headbutt misses the human.
The human is lightly wounded.
The human hits you with a +0 trident. The human hits you!
You hit the human.
The human is lightly wounded.
The human hits you with a +0 trident!
* * * LOW HITPOINT WARNING * * *
The human barely misses you. You furiously retaliate!
You headbutt the human! You block the human's attack.
You closely miss the human.
The human is lightly wounded.
The human hits you with a +0 trident.
* * * LOW HITPOINT WARNING * * *
The human misses you.
You hit the human.
The human is moderately wounded.
The human hits you with a +0 trident.
* * * LOW HITPOINT WARNING * * *
You block the human's attack.
You completely miss the human. You headbutt the human!
The human is heavily wounded.
The human hits you with a +0 trident.
You die...

▓▓▓▓▓▓ ▓▓▓ .....♣♣ ♣.#
##### ....♣.♣ ♣.# #___#
....♣.♣ ♣♣.# #p_.#
....~.♣♣♣..###+#@###+##
...~~....♣.#...p......#
..~~~~.♣...'.⌠........#
..~≈≈~~~♣..#...######+#
.~~≈~~~....#.⌠.#
.~≈~~~.....#...#
.~~~.......#+###
...........#
...........#


You could see 2 humans.

Vanquished Creatures
  A water elemental (D)
  Jessica (D)
  A human (D)
  A phantom (D)
  3 rats (D)
7 creatures vanquished.

Notes
Turn   | Place    | Note
-------+----------+-------------------------------------------
     0 | D        | rocky1 the Minotaur Fighter began the quest for the Orb.
     0 | D        | Reached XP level 1. HP: 19/19 MP: 0/0
    14 | D        | Noticed Jessica
    18 | D        | Killed Jessica
    19 | D        | Reached skill level 5 in Fighting
    19 | D        | Reached skill level 5 in Armour
    19 | D        | Reached skill level 5 in Shields
    19 | D        | Reached XP level 2. HP: 10/29 MP: 1/1
   114 | D        | Reached XP level 3. HP: 35/37 MP: 2/2
   204 | D        | Noticed a water elemental
   208 | D        | Killed a water elemental
   209 | D        | Reached XP level 4. HP: 44/47 MP: 3/3
   268 | D        | Found a hide-covered altar of Uskayaw.
   268 | D        | Found an iron altar of Okawaru.
   268 | D        | Found a bloodstained altar of Trog.
   268 | D        | Found an ornate altar of the Wu Jian Council.
   268 | D        | Noticed a human
   269 | D        | Noticed a human
   276 | D        | Slain by a human

Illustrated notes

Levels and vault maps discovered:
D:        dungeon_sprint_mu [sprint_mu_entry_forest, sprint_mu_temple_rooms,
          sprint_mu_d1_horrors, sprint_mu_d2_genie, sprint_mu_d3_branching,
          sprint_mu_orc_legion, sprint_mu_elf_gauntlet, sprint_mu_hive_nellie,
          sprint_mu_lair_fedhas, sprint_mu_vaults_butterflies,
          sprint_mu_slime_circle, sprint_mu_swamp_cave, sprint_mu_shoals_kraken,
          sprint_mu_blade_basic, sprint_mu_crypt_fortress,
          sprint_mu_tomb_spiral, sprint_mu_vestibule_basic,
          sprint_mu_gehenna_hellfire, sprint_mu_dis_giant,
          sprint_mu_tartarus_statrot, sprint_mu_cocytus_islands, sprint_mu_zot1]

Skill      XL: |  1  2  3 |
---------------+----------+-----
Fighting       | 5 7 |  7.0
Maces & Flails | 3 4 |  4.3
Armour         | 5 7 |  7.0
Shields        | 5 6 |  6.6
Dodging        | |  0.9

Action                     |  1- 3 |  4- 6 || total
---------------------------+-------+-------++-------
  Melee: Flail             |    23 |     5 ||    28
         Headbutt          |     3 |     1 ||     4
    Use: Potion            |     1 |     2 ||     3
 Armour: Scale mail        |     8 |     7 ||    15
  Dodge: Dodged            |    14 |     2 ||    16
  Block: Buckler           |     3 |     2 ||     5

Table legend: (Time is in decaauts)
 A = Elapsed time spent in this place.
 B = Non-inter-level travel time spent in this place.
 C = Inter-level travel time spent in this place.
 D = Time resting spent in this place.
 E = Time spent auto-exploring this place.
 F = Levels seen in this place.
 G = Mean time per level.
                   A        B        C        D        E       F      G
               +--------+--------+--------+--------+--------+-----+--------+
         Total |    292 |    292 |      0 |    169 |      0 |   1 |  292.0 |
       Dungeon |    292 |    292 |      0 |    169 |      0 |   1 |  292.0 |
               +--------+--------+--------+--------+--------+-----+--------+

Top non-repeatable levels by time:
       D: 292 daAuts
